SA
HIGHWOOD HAWKS @ LOUISIANA DRAGOONS
08/01/2022
 
TOP OF THE 1ST
Highwood Hawks batting - Pitching for Louisiana Dragoons : RHP Nicholas Beyer
Pitching: RHP Nicholas Beyer
Batting: SHB Luis Manuel Flores 0-0: Called Strike
0-1: Ball
1-1: Fly out, F9 (Flyball, 89M)
Batting: RHB Oscar Stephens 0-0: Ball
1-0: Foul Ball, location: 2F
1-1: Called Strike
1-2: Strikes out looking
Batting: LHB Raúl Aguirre 0-0: SINGLE (Groundball, 56)
Batting: LHB Jeff Rutherford 0-0: Ball
1-0: Called Strike
Raúl Aguirre steals 2nd base
1-1: SINGLE (Line Drive, 9S)
Raúl Aguirre to third
Runner from 3rd tries for Home, SAFE, no throw or cutoff
Batting: RHB Derrek Church 0-0: SINGLE (Line Drive, 4MD)
Jeff Rutherford to second
Batting: RHB Armando García 0-0: Ball
1-0: SINGLE (Groundball, 56D)
Jeff Rutherford to third
Derrek Church to second
Runner from 3rd tries for Home, SAFE, no throw or cutoff
Batting: RHB Pepe Álvarez 0-0: Fly out, F4 (Popup, 4MD)
Top of the 1st over - 2 run(s), 4 hit(s), 0 error(s), 2 left on base; Highwood 2 - Louisiana 0
BOTTOM OF THE 1ST
Louisiana Dragoons batting - Pitching for Highwood Hawks : LHP Travis Grant
Pitching: LHP Travis Grant
Batting: SHB Manuel González 0-0: Ball
1-0: Called Strike
1-1: Called Strike
1-2: Ball
2-2: Strikes out looking
Batting: RHB Marlon Cummins 0-0: Ball
1-0: Ball
2-0: Ground out 6-3 (Groundball, 6)
Batting: RHB Domingo Calderón 0-0: Called Strike
0-1: Called Strike
0-2: Strikes out swinging
Bottom of the 1st over - 0 run(s), 0 hit(s), 0 error(s), 0 left on base; Highwood 2 - Louisiana 0
TOP OF THE 2ND
Highwood Hawks batting - Pitching for Louisiana Dragoons : RHP Nicholas Beyer
Batting: RHB Geoffrey Broekhuizen 0-0: Swinging Strike
0-1: Foul Ball, location: 2F
0-2: Ball
1-2: Foul Ball, location: 2F
1-2: Ball
2-2: Strikes out swinging
Batting: LHB Errol Levick 0-0: Ball
1-0: Swinging Strike
1-1: Ball
2-1: Ball
3-1: Foul Ball, location: 2F
3-2: Base on Balls
Batting: SHB Luis Manuel Flores 0-0: Ball
1-0: Ball
2-0: SINGLE (Groundball, 34D)
Errol Levick to second
Runner from 2nd tries for 3rd, SAFE, throw made to third
Luis Manuel Flores to second
Batting: RHB Oscar Stephens 0-0: Ball
1-0: Fly out, F7 (Flyball, 7M)
Runner from 3rd tags up, SCORES, throw made
Batting: LHB Raúl Aguirre 0-0: Fly out, F2 (Popup, 25F)
Top of the 2nd over - 1 run(s), 1 hit(s), 0 error(s), 1 left on base; Highwood 3 - Louisiana 0
BOTTOM OF THE 2ND
Louisiana Dragoons batting - Pitching for Highwood Hawks : LHP Travis Grant
Batting: LHB Willie Brown 0-0: Fly out, F7 (Line Drive, 7M)
Batting: RHB Jim Burch 0-0: Foul Ball, location: 2F
0-1: Ball
1-1: Swinging Strike
1-2: Ball
2-2: SINGLE (Groundball, 13) (infield hit)
Batting: SHB Francisco Valentín 0-0: Foul Ball, location: 2F
0-1: Ball
1-1: Fly out, F9 (Flyball, 89M)
Batting: RHB Sancho Rodríguez 0-0: Ball
1-0: Ball
2-0: SINGLE (Line Drive, 6MD)
Jim Burch to second
Runner from 2nd tries for 3rd, SAFE, throw made to third
Sancho Rodríguez to second
Batting: RHB Wessel Wemerman 0-0: Called Strike
0-1: Foul Ball, location: 2F
0-2: Ball
1-2: Strikes out swinging
Bottom of the 2nd over - 0 run(s), 2 hit(s), 0 error(s), 2 left on base; Highwood 3 - Louisiana 0
TOP OF THE 3RD
Highwood Hawks batting - Pitching for Louisiana Dragoons : RHP Nicholas Beyer
Batting: LHB Jeff Rutherford 0-0: Called Strike
0-1: Ball
1-1: Swinging Strike
1-2: Ball
2-2: Foul Ball, location: 2F
2-2: Strikes out swinging
Batting: RHB Derrek Church 0-0: Called Strike
0-1: Called Strike
0-2: Ball
1-2: Foul Ball, location: 2F
1-2: Ball
2-2: Foul Ball, location: 2F
2-2: Strikes out swinging
Batting: RHB Armando García 0-0: Called Strike
0-1: Ball
1-1: Ball
2-1: SINGLE (Line Drive, 56)
Batting: RHB Pepe Álvarez 0-0: Ball
Armando García steals 2nd base
1-0: Swinging Strike
1-1: Ball
2-1: Swinging Strike
2-2: Strikes out swinging
Top of the 3rd over - 0 run(s), 1 hit(s), 0 error(s), 1 left on base; Highwood 3 - Louisiana 0
BOTTOM OF THE 3RD
Louisiana Dragoons batting - Pitching for Highwood Hawks : LHP Travis Grant
Batting: RHB César López 0-0: Called Strike
0-1: Called Strike
0-2: Foul Ball, location: 2F
0-2: Foul Ball, location: 2F
0-2: Ball
1-2: Strikes out looking
Batting: SHB Manuel González 0-0: Fly out, F9 (Flyball, 89M)
Batting: RHB Marlon Cummins 0-0: Ball
1-0: Ball
2-0: Ball
3-0: Base on Balls
Batting: RHB Domingo Calderón 0-0: Ball
1-0: Ball
2-0: Foul Ball, location: 2F
2-1: SINGLE (Line Drive, 56D)
Marlon Cummins to second
Batting: LHB Willie Brown 0-0: DOUBLE (Line Drive, 89S)
Marlon Cummins scores
Domingo Calderón to third
Batting: RHB Jim Burch 0-0: Fly out, F7 (Flyball, 78M)
Bottom of the 3rd over - 1 run(s), 2 hit(s), 0 error(s), 2 left on base; Highwood 3 - Louisiana 1
TOP OF THE 4TH
Highwood Hawks batting - Pitching for Louisiana Dragoons : RHP Nicholas Beyer
Batting: RHB Geoffrey Broekhuizen 0-0: Ball
1-0: Foul Ball, location: 2F
1-1: Ball
2-1: Foul Ball, location: 2F
2-2: Foul Ball, location: 2F
2-2: Foul Ball, location: 2F
2-2: Strikes out swinging
Batting: LHB Errol Levick 0-0: Called Strike
0-1: Called Strike
0-2: Ball
1-2: Fly out, F6 (Popup, 6M)
Batting: SHB Luis Manuel Flores 0-0: Ball
1-0: Ball
2-0: Ball
3-0: Called Strike
3-1: Base on Balls
Batting: RHB Oscar Stephens 0-0: Called Strike
0-1: Foul Ball, location: 2F
0-2: Foul Ball, location: 2F
0-2: Ball
1-2: Strikes out swinging
Top of the 4th over - 0 run(s), 0 hit(s), 0 error(s), 1 left on base; Highwood 3 - Louisiana 1
BOTTOM OF THE 4TH
Louisiana Dragoons batting - Pitching for Highwood Hawks : LHP Travis Grant
Batting: SHB Francisco Valentín 0-0: Ball
1-0: Foul Ball, location: 2F
1-1: Ground out 5-3 (Groundball, 56)
Batting: RHB Sancho Rodríguez 0-0: Fly out, F7 (Flyball, 7M)
Batting: RHB Wessel Wemerman 0-0: Ball
1-0: SINGLE (Line Drive, 7S)
Batting: RHB César López 0-0: Ball
1-0: Called Strike
Wessel Wemerman is caught stealing 2nd base
Bottom of the 4th over - 0 run(s), 1 hit(s), 0 error(s), 0 left on base; Highwood 3 - Louisiana 1
TOP OF THE 5TH
Highwood Hawks batting - Pitching for Louisiana Dragoons : RHP Nicholas Beyer
Batting: LHB Raúl Aguirre 0-0: SINGLE (Line Drive, 89M)
Batting: LHB Jeff Rutherford 0-0: Swinging Strike
0-1: Called Strike
0-2: Ball
1-2: Foul Ball, location: 2F
1-2: Ball
2-2: SINGLE (Groundball, 34D)
Raúl Aguirre to second
Throwing error, E9
Raúl Aguirre scores
Jeff Rutherford to second
Batting: RHB Derrek Church 0-0: Ball
1-0: Called Strike
1-1: Ball
Passed Ball!
Jeff Rutherford to third
2-1: Ball
3-1: Fly out, F1 (Line Drive, 15)
Pitching: RHP António Altagracia
Batting: RHB Armando García 0-0: Intentional Walk
Batting: RHB Pepe Álvarez 0-0: Called Strike
0-1: Called Strike
0-2: Foul Ball, location: 2F
0-2: Ball
1-2: Strikes out swinging
Batting: RHB Geoffrey Broekhuizen 0-0: Ball
Armando García steals 2nd base
1-0: Fly out, F4 (Popup, 3D)
Top of the 5th over - 1 run(s), 2 hit(s), 1 error(s), 2 left on base; Highwood 4 - Louisiana 1
BOTTOM OF THE 5TH
Louisiana Dragoons batting - Pitching for Highwood Hawks : LHP Travis Grant
Batting: RHB César López 0-0: Ground out 6-3 (Groundball, 6)
Batting: SHB Manuel González 0-0: Ball
1-0: Called Strike
1-1: Swinging Strike
1-2: Fly out, F8 (Flyball, 8RM)
Batting: RHB Marlon Cummins 0-0: Foul Ball, location: 2F
0-1: Ball
1-1: Ball
2-1: Foul Ball, location: 2F
2-2: Ball
3-2: Strikes out swinging
Bottom of the 5th over - 0 run(s), 0 hit(s), 0 error(s), 0 left on base; Highwood 4 - Louisiana 1
TOP OF THE 6TH
Highwood Hawks batting - Pitching for Louisiana Dragoons : RHP António Altagracia
Batting: LHB Errol Levick 0-0: Foul Ball, location: 2F
0-1: Ball
1-1: Ball
2-1: Ground out 1-3 (Groundball, 13)
Batting: SHB Luis Manuel Flores 0-0: Foul Ball, location: 2F
0-1: Ball
1-1: Ground out 1-3 (Groundball, 13S)
Batting: RHB Oscar Stephens 0-0: Ball
1-0: SINGLE (Groundball, 6MD) (infield hit)
Batting: LHB Raúl Aguirre 0-0: Called Strike
0-1: Ball
1-1: Called Strike
1-2: DOUBLE (Flyball, 8LXD)
Oscar Stephens to third
Runner from 3rd tries for Home, SAFE, no throw or cutoff
Batting: LHB Jeff Rutherford 0-0: DOUBLE (Line Drive, 9LM)
Raúl Aguirre scores
Batting: RHB Derrek Church 0-0: Ball
1-0: Called Strike
1-1: Called Strike
1-2: Ball
2-2: Strikes out looking
Top of the 6th over - 2 run(s), 3 hit(s), 0 error(s), 1 left on base; Highwood 6 - Louisiana 1
BOTTOM OF THE 6TH
Louisiana Dragoons batting - Pitching for Highwood Hawks : LHP Travis Grant
Batting: RHB Domingo Calderón 0-0: Foul Ball, location: 2F
0-1: Ball
1-1: Ball
2-1: SINGLE (Line Drive, 56)
Batting: LHB Willie Brown 0-0: Called Strike
0-1: Called Strike
0-2: Ball
1-2: Strikes out swinging
Batting: RHB Jim Burch 0-0: Foul Ball, location: 2F
0-1: Ball
1-1: Foul Ball, location: 2F
1-2: Ball
2-2: Fly out, F3 (Popup, 3F)
Batting: SHB Francisco Valentín 0-0: Ball
1-0: Called Strike
1-1: Fly out, F9 (Flyball, 9D)
Bottom of the 6th over - 0 run(s), 1 hit(s), 0 error(s), 1 left on base; Highwood 6 - Louisiana 1
TOP OF THE 7TH
Highwood Hawks batting - Pitching for Louisiana Dragoons : RHP António Altagracia
Batting: RHB Armando García 0-0: Ball
1-0: Ball
2-0: Ball
3-0: Called Strike
3-1: Called Strike
3-2: SINGLE (Groundball, 56) (infield hit)
Batting: RHB Pepe Álvarez 0-0: Swinging Strike
0-1: Sac Bunt - play at first, batter OUT! U3
Armando García to second
Batting: RHB Geoffrey Broekhuizen 0-0: Foul Ball, location: 2F
0-1: Ball
1-1: Called Strike
1-2: Foul Ball, location: 2F
1-2: Fly out, F8 (Flyball, 8LM)
Runner from 2nd tags up, SAFE at 3rd with throw
Batting: LHB Errol Levick 0-0: DOUBLE (Groundball, 3L)
Armando García scores
Pitching: RHP Mathew Stewart
Batting: SHB Luis Manuel Flores 0-0: Called Strike
0-1: Foul Ball, location: 2F
0-2: Ball
1-2: Strikes out swinging
Top of the 7th over - 1 run(s), 2 hit(s), 0 error(s), 1 left on base; Highwood 7 - Louisiana 1
BOTTOM OF THE 7TH
Louisiana Dragoons batting - Pitching for Highwood Hawks : LHP Travis Grant
Batting: RHB Sancho Rodríguez 0-0: Ball
1-0: Ball
2-0: Foul Ball, location: 2F
2-1: Ball
3-1: Base on Balls
Batting: RHB Wessel Wemerman 0-0: DOUBLE (Line Drive, 9D)
Sancho Rodríguez to third
Runner from 3rd tries for Home, SAFE, no throw or cutoff
Batting: RHB César López 0-0: Called Strike
0-1: Fly out, F8 (Flyball, 8RM)
Batting: SHB Manuel González 0-0: Foul Ball, location: 2F
0-1: Foul Ball, location: 2F
0-2: Ball
1-2: Ball
2-2: Foul Ball, location: 2F
2-2: Ball
3-2: SINGLE (Line Drive, 78S)
Wessel Wemerman to third
Batting: RHB Marlon Cummins 0-0: Called Strike
0-1: Ball
1-1: SINGLE (Popup, 56D)
Wessel Wemerman scores
Manuel González to second
Batting: RHB Domingo Calderón 0-0: Foul Ball, location: 2F
0-1: Fly out, F2 (Popup, 2RF)
Batting: LHB Willie Brown 0-0: Foul Ball, location: 2F
0-1: DOUBLE (Line Drive, 7LS)
Manuel González scores
Marlon Cummins to third
Runner from 3rd tries for Home, throw and OUT!
Bottom of the 7th over - 3 run(s), 4 hit(s), 0 error(s), 1 left on base; Highwood 7 - Louisiana 4
TOP OF THE 8TH
Highwood Hawks batting - Pitching for Louisiana Dragoons : RHP Mathew Stewart
Batting: RHB Oscar Stephens 0-0: DOUBLE (Line Drive, 7LM)
Batting: LHB Raúl Aguirre 0-0: Ball
1-0: Ball
2-0: Called Strike
2-1: Ground out U3 (Groundball, 3L)
Oscar Stephens to third
Batting: LHB Jeff Rutherford 0-0: Intentional Walk
Batting: RHB Derrek Church 0-0: Ball
1-0: Called Strike
1-1: Foul Ball, location: 2F
1-2: Ball
2-2: Fly out, F4 (Popup, 3D)
Batting: RHB Armando García 0-0: Ball
1-0: Ball
2-0: Fly out, F2 (Popup, 2RF)
Top of the 8th over - 0 run(s), 1 hit(s), 0 error(s), 2 left on base; Highwood 7 - Louisiana 4
BOTTOM OF THE 8TH
Louisiana Dragoons batting - Pitching for Highwood Hawks : LHP Travis Grant
Pitching: RHP Jim Unknown
Batting: RHB Jim Burch 0-0: Swinging Strike
0-1: Ground out 5-3 (Groundball, 5S)
Batting: SHB Francisco Valentín 0-0: Ground out 5-3 (Groundball, 56)
Batting: RHB Sancho Rodríguez 0-0: Foul Ball, location: 2F
0-1: Foul Ball, location: 2F
0-2: Foul Ball, location: 2F
0-2: Strikes out swinging
Bottom of the 8th over - 0 run(s), 0 hit(s), 0 error(s), 0 left on base; Highwood 7 - Louisiana 4
TOP OF THE 9TH
Highwood Hawks batting - Pitching for Louisiana Dragoons : RHP Mathew Stewart
Batting: RHB Pepe Álvarez 0-0: Foul Ball, location: 2F
0-1: Ball
1-1: Foul Ball, location: 2F
1-2: Strikes out swinging
Batting: RHB Geoffrey Broekhuizen 0-0: Called Strike
0-1: SINGLE (Groundball, 56)
Batting: LHB Errol Levick 0-0: Ball
1-0: Foul Ball, location: 2F
1-1: Swinging Strike
1-2: Strikes out swinging
Batting: SHB Luis Manuel Flores 0-0: Called Strike
0-1: Swinging Strike
0-2: Ball
1-2: Fly out, F9 (Flyball, 89M)
Top of the 9th over - 0 run(s), 1 hit(s), 0 error(s), 1 left on base; Highwood 7 - Louisiana 4
BOTTOM OF THE 9TH
Louisiana Dragoons batting - Pitching for Highwood Hawks : RHP Jim Unknown
Batting: RHB Wessel Wemerman 0-0: Called Strike
0-1: SINGLE (Groundball, 56)
Batting: RHB César López 0-0: Fly out, F7 (Flyball, 78M)
Batting: SHB Manuel González 0-0: Called Strike
0-1: Fielders Choice at 2nd, 4-6 (Groundball, 4)
Batting: RHB Marlon Cummins 0-0: Ball
1-0: Foul Ball, location: 2F
1-1: SINGLE (Line Drive, 8LS)
Manuel González to second
Runner from 2nd tries for 3rd, SAFE, no throw or cutoff
Batting: RHB Domingo Calderón 0-0: Ball
1-0: Ball
2-0: Fly out, F7 (Flyball, 78M)
Bottom of the 9th over - 0 run(s), 2 hit(s), 0 error(s), 2 left on base; Highwood 7 - Louisiana 4
This league is powered by Out of the Park Baseball, the baseball management simulation game for PC, Mac and Linux
Friday, April 15th, 2016 - OOTP Baseball 16.9 Build 39